 Dungeon Crawl Stone Soup version 0.20.1-1-g8b1a95d (webtiles) character file.

63 equalderp2856 the Skirmisher (level 3, -2/29 HPs)
             Began as a Mummy Fighter on Oct 25, 2017.
             Killed from afar by an orc wizard (10 damage)
             ... with a magic dart
             ... on level 4 of the Dungeon.
             The game lasted 00:02:06 (1248 turns).

equalderp2856 the Skirmisher (Mummy Fighter)        Turns: 1248, Time: 00:02:06

Health: -2/29      AC:  6    Str: 19    XL:     3   Next: 87%
Magic:  3/3        EV:  7    Int:  8    God:
Gold:   71         SH:  9    Dex: 11    Spells: 2/2 levels left

rFire    x . .     SeeInvis .   a - +0 war axe
rCold    + . .     Gourm    .   c - +0 shield
rNeg     + + +     Faith    .   b - +0 scale mail
rPois    ∞         Spirit   .   (no helmet)
rElec    .         Reflect  .   (no cloak)
rCorr    .         Harm     .   (no gloves)
MR       .....                  (no boots)
Stlth    ..........             (no amulet)
Regen    0.1/turn               (no ring)
MPRegen  0.1/turn               (no ring)

@: no status effects
A: no food or potions, fire vulnerability, cold resistance 1, negative energy
resistance 3, torment resistance, unbreathing
a: no special abilities


You were on level 4 of the Dungeon.
You were not hungry.

You visited 1 branch of the dungeon, and saw 4 of its levels.

You collected 71 gold pieces.

Inventory:

Hand Weapons
 a - a +0 war axe (weapon)
Armour
 b - a +0 scale mail (worn)
 c - a +0 shield (worn)
Jewellery
 d - an uncursed amulet of magic regeneration {unknown}
 f - a +4 ring of strength {unknown}
Scrolls
 e - 3 scrolls of teleportation {unknown}
 g - a scroll of enchant armour {unknown}
 h - a scroll of identify {unknown}
 j - a scroll of remove curse {unknown}
Books
 i - a book of Maledictions

   Spells                             Type                      Level
   a - Corona                         Hexes                        1
   b - Ensorcelled Hibernation        Hexes/Ice                    2
   c - Confuse                        Hexes                        3
   d - Tukima's Dance                 Hexes                        3
   e - Dazzling Spray                 Conjuration/Hexes            3


   Skills:
 + Level 3.2 Fighting
 + Level 2.1 Axes
 + Level 3.0 Armour
 + Level 0.5 Dodging
 + Level 2.8 Shields


You had 2 spell levels left.
You didn't know any spells.

Dungeon Overview and Level Annotations

Branches:
Dungeon (4/15)             Temple (0/1) D:4

Altars:
Yredelemnul


Innate Abilities, Weirdness & Mutations

You do not eat or drink.
Your flesh is vulnerable to fire.
You are immune to poison.
Your flesh is cold resistant. (rC+)
You are immune to negative energy. (rN+++)
You are immune to unholy pain and torment.
You can survive without breathing.


Message History

The orc wizard hits you with a dagger of venom.
You closely miss the orc wizard. The orc wizard casts a spell at you.
The puff of flame hits you! The fire burns you terribly!
Your shield prevents you from hitting the orc wizard.
The orc wizard hits you but does no damage.
You block the orc wizard's attack.
You closely miss the orc wizard.
The orc wizard hits you but does no damage.
Your shield and scale mail prevent you from hitting the orc wizard.
You block the orc wizard's attack.
The orc wizard hits you with a dagger of venom.
* * * LOW HITPOINT WARNING * * *
You barely miss the orc wizard.
The orc wizard hits you but does no damage.
Your shield and scale mail prevent you from hitting the orc wizard.
You block the orc wizard's attack. The orc wizard completely misses you.
The orc wizard casts a spell at you. The magic dart hits you!
You die...

#####
#######...#
#{o.@.....#
#o#####...#
# ####.####
#.......#
#.##.##.###
# #......#
####.#.#
#.#.# ..#.#


You could see an orc wizard and an orc.

Vanquished Creatures
  2 adders
  An ooze (D:4)
  A worm (D:3)
  3 dart slugs
  A leopard gecko (D:2)
  2 orcs
  2 ball pythons
  4 bats
  A giant cockroach (D:3)
  2 goblins (D:1)
  A hobgoblin (D:2)
  7 kobolds
  3 frilled lizards
  A jackal skeleton (D:4)
31 creatures vanquished.

Notes
Turn   | Place    | Note
-------+----------+-------------------------------------------
     0 | D:1      | equalderp2856 the Mummy Fighter began the quest for the Orb.
     0 | D:1      | Reached XP level 1. HP: 18/18 MP: 1/1
   414 | D:1      | Reached XP level 2. HP: 23/24 MP: 2/2
   771 | D:4      | Reached XP level 3. HP: 25/29 MP: 3/3
  1013 | D:4      | Found a basalt altar of Yredelemnul.
  1155 | D:4      | Found a staircase to the Ecumenical Temple.
  1248 | D:4      | Killed from afar by an orc wizard

Skill      XL: |  1  2  3 |
---------------+----------+-----
Armour         | 3 |  3.0
Axes           | 2 |  2.1
Fighting       | |  3.2
Dodging        | |  0.5
Shields        | |  2.8

Action                   || total
-------------------------++-------
Melee: War axe           ||   117
Armor: Scale mail        ||    75
Dodge: Dodged            ||    67
Block: Shield            ||    77
